 Dungeon Crawl Stone Soup version 0.28-a0-1493-g08698888e4 (webtiles) character file.

Game seed: 13887428322721762794

10 a3don the Grave Robber (level 2, -6/19 HPs)
             Began as a Demonspawn Necromancer on Jan 12, 2022.
             Mangled by a gnoll (10 damage)
             ... on level 1 of the Dungeon.
             The game lasted 00:01:14 (423 turns).

a3don the Grave Robber (Demonspawn Necromancer)      Turns: 423, Time: 00:01:16

Health: -6/19      AC:  2    Str:  8    XL:     2   Next: 10%
Magic:  4/5        EV: 12    Int: 16    God:
Gold:   53         SH:  0    Dex: 13    Spells: 4/5 levels left

rFire   . . .      SeeInvis .   b - +0 spear
rCold   . . .      Faith    .   (no shield)
rNeg    . . .      Spirit   .   a - +0 robe
rPois   .          Reflect  .   (no helmet)
rElec   .          Harm     .   (no cloak)
rCorr   .          Rampage  .   (no gloves)
Will    .....                   (no boots)
Stlth   ++........              (no amulet)
HPRegen 0.06/turn               (no ring)
MPRegen 0.09/turn               (no ring)

@: no status effects
A: spiny 1
a: no special abilities


You were on level 1 of the Dungeon.
You visited 1 branch of the dungeon, and saw 1 of its levels.

You collected 53 gold pieces.

Inventory:

Hand Weapons
 b - a +0 spear (weapon)
Missiles
 e - a throwing net
Armour
 a - a +0 robe (worn)
Scrolls
 c - a scroll of noise {unknown}
 d - 2 scrolls of identify {unknown}
 f - a scroll of enchant weapon {unknown}


   Skills:
 + Level 0.1 Fighting
 + Level 2.0 Dodging
 - Level 2.0 Stealth
 + Level 2.1 Spellcasting
 + Level 4.5 Necromancy


You had 4 spell levels left.
You knew the following spells:

 Your Spells              Type           Power      Damage    Failure   Level
a - Pain                  Necr           64%        1d7       3%          1

Your spell library contained the following spells:

 Spells                   Type           Power      Damage    Failure   Level
 Animate Skeleton         Necr           32%        N/A       3%          1
 Vampiric Draining        Necr           16%        2d7       10%         3
 Animate Dead             Necr           8%         N/A       32%         4
 Tukima's Dance           Hex            1%         N/A       52%         3
 Anguish                  Hex/Necr       4%         N/A       63%         4
 Agony                    Necr           16%        N/A       65%         5
 Enfeeble                 Hex            0%         N/A       100%        7


Dungeon Overview and Level Annotations

Branches:
Dungeon (1/15)

Altars:


Innate Abilities, Weirdness & Mutations

You are partially covered in sharp spines.


Message History

You see here 14 gold pieces.
A rat is nearby!
There is a stone staircase leading down here.
You reach to attack!
You hit the rat.
The rat is moderately wounded.
You hit the rat but do no damage. The rat bites you but does no damage.
You hit the rat.
You kill the rat!
No target in view!
There is a stone staircase leading down here.
You now have 38 gold pieces (gained 14).
You now have 53 gold pieces (gained 15).
A gnoll comes into view. It is wielding a +0 spear.
A quokka comes into view.
A frilled lizard comes into view.
Found a stone staircase leading down.
The gnoll shouts!
The frilled lizard hisses angrily.
A quokka comes into view.
You closely miss the quokka. The quokka bites you.
You hit the quokka.
The quokka is moderately wounded.
The quokka bites you. The gnoll barely misses you.
The quokka is struck by your spines. The quokka bites you.
You hit the quokka.
The quokka is severely wounded.
The gnoll closely misses you. The quokka misses you.
You hit the quokka.
You kill the quokka!
The gnoll barely misses you.
The gnoll hits you from afar with a +0 spear!
* * * LOW HITPOINT WARNING * * *
Casting: Pain (safe; 3% risk of failure)
Confirm with . or Enter, or press ? or * to list all spells.
Aiming: Pain (safe; 3% risk of failure)
Press: ? - help, Shift-Dir - straight line, f - gnoll
Aim: a gnoll, wielding a +0 spear (chance to affect: 80%)
The gnoll barely resists.
The gnoll hits you from afar with a +0 spear!
Ouch! That really hurt!
You die...

... #..#...#. # #...# ...#
#...# #..#### .# #...###
....####..#
#....##.#####......
..........##
##..................
.........l.# #...†....#
###..####
#r......###...#.######........
#.....#.........>.........####
#.....##..########.#.###.##
#########rlg.@....###....#
##########.#.##### #.# ##


You could see a gnoll, a quokka and a frilled lizard.

Vanquished Creatures
  2 ball pythons (D:1)
  4 endoplasms (D:1)
  A quokka (D:1)
  A bat (D:1)
  A rat (D:1)
9 creatures vanquished.

Notes
Turn   | Place    | Note
-------+----------+-------------------------------------------
     0 | D:1      | a3don the Demonspawn Necromancer began the quest for the
                  | Orb.
     0 | D:1      | Reached XP level 1. HP: 13/13 MP: 3/3
   357 | D:1      | Gained mutation: You are partially covered in sharp spines.
                  | [demonic ancestry]
   357 | D:1      | Reached XP level 2. HP: 19/19 MP: 5/5
   423 | D:1      | Mangled by a gnoll

Illustrated notes

Levels and vault maps discovered:
D:1:      psy_arrival_statuary, layout_loops_ring, serial_shops,
          nicolae_shop_trees, minmay_ruptured

Skill      XL: |  1 |
---------------+----+-----
Dodging        | 2 |  2.0
Stealth        | 2 |  2.0
Fighting       | |  0.1
Spellcasting   | |  2.1
Necromancy     | |  4.5

Action                   || total
-------------------------++-------
Melee: Spear             ||    28
 Cast: Pain              ||     2
 Stab: Sleeping          ||     2
Armor: Robe              ||     7
Dodge: Dodged            ||    15

Table legend: (Time is in decaauts)
 A = Elapsed time spent in this place.
 B = Non-inter-level travel time spent in this place.
 C = Inter-level travel time spent in this place.
 D = Time resting spent in this place.
 E = Time spent auto-exploring this place.
 F = Levels seen in this place.
 G = Mean time per level.
                   A        B        C        D        E       F      G
               +--------+--------+--------+--------+--------+-----+--------+
         Total |    425 |    425 |      0 |    175 |    140 |   1 |  425.0 |
       Dungeon |    425 |    425 |      0 |    175 |    140 |   1 |  425.0 |
               +--------+--------+--------+--------+--------+-----+--------+

Top non-repeatable levels by time:
     D:1: 425 daAuts
